 Dungeon Crawl Stone Soup version 0.30.0 (webtiles) character file.

Game seed: 9950912304394250500

7947 FluffyMeow the Blocker (level 11, -2/73 HPs)
             Began as a Gargoyle Fighter on Sept 28, 2023.
             Was a Follower of Okawaru.
             Slain by an orc warlord
             ... wielding a +7 broad axe
              (11 damage)
             ... in a bailey.
             The game lasted 00:34:37 (7577 turns).

FluffyMeow the Blocker (Gargoyle Fighter)           Turns: 7577, Time: 00:34:37

Health: -2/73      AC: 23    Str: 23    XL:     11   Next: 23%
Magic:  0/11       EV:  6    Int: 13    God:    Okawaru [*.....]
Gold:   440        SH:  7    Dex:  8    Spells: 10/10 levels left

rFire   . . .        w - +2 war axe (drain)
rCold   + . .        c - +0 buckler
rNeg    + . .        d - +0 plate armour
rPois   ∞            h - +1 helmet
rElec   +            E - +1 cloak
rCorr   .            (no gloves)
SInv    .            (no boots)
Will    .....        j - amulet of guardian spirit Stlth
                     s - ring of protection from cold
HPRegen 0.32/turn    (no ring)
MPRegen 0.12/turn

%: clarity, guardian spirit
@: mighty
A: sickness immunity, AC +8, negative energy resistance 1, electricity
resistance, torment resistance 1, petrification resistance, clarity, clever 1
a: Renounce Religion, Heroism


You were in a bailey.
You worshipped Okawaru.
Okawaru was aware of your devotion.
You visited 2 branches of the dungeon, and saw 8 of its levels.
You also visited: Sewer and Bailey.

You collected 440 gold pieces.

Inventory:

Hand Weapons
 a - a +0 flail
 m - a +3 whip
 w - a +2 war axe of draining (weapon)
 y - a +2 sling of draining
 H - a +0 battleaxe
Missiles
 O - 2 throwing nets (quivered)
 P - 15 boomerangs
Armour
 b - a +0 scale mail
 c - a +0 buckler (worn)
 d - a +0 plate armour (worn)
 h - a +1 helmet (worn)
 q - a +0 cloak
 E - a +1 cloak (worn)
 G - a +0 leather armour of fire resistance
Jewellery
 j - an amulet of guardian spirit (around neck)
 s - a ring of protection from cold (left hand)
 A - an amulet of magic regeneration
Wands
 u - a wand of iceblast (11)
 M - a wand of charming (11)
Scrolls
 f - 2 scrolls of noise {unknown}
 g - 6 scrolls of identify {unknown}
 i - 2 scrolls of amnesia {unknown}
 l - a scroll of magic mapping {unknown}
 n - a scroll of torment {unknown}
 o - a scroll of summoning {unknown}
 p - a scroll of fog {unknown}
 t - a scroll of silence {unknown}
 z - 2 scrolls of blinking {unknown}
 B - 3 scrolls of teleportation {unknown}
 F - 2 scrolls of enchant armour {unknown}
 I - 2 scrolls of fear {unknown}
 K - a scroll of enchant weapon {unknown}
 R - a scroll of brand weapon {unknown}
Potions
 e - a potion of flight {unknown}
 k - 7 potions of mutation
 r - 6 potions of heal wounds {unknown}
 v - a potion of resistance {unknown}
 x - 4 potions of curing {unknown}
 C - 2 potions of magic {unknown}
 D - a potion of cancellation {unknown}
 J - 3 potions of invisibility {unknown}
 L - 2 potions of berserk rage {unknown}
 N - a potion of lignification {unknown}


   Skills:
 * Level 10.4 Fighting
 * Level 6.1(7.1) Axes
 - Level 6.1(7.5) Maces & Flails
 - Level 3.2 Armour
 * Level 13.6 Shields


You had 10 spell levels left.
You didn't know any spells.
Your spell library contained the following spells:

 Spells                   Type           Power      Damage    Failure   Level
 Beastly Appendage        Tmut           0%         N/A       100%        1
 Freeze                   Ice            0%         1d3       100%        1
 Sting                    Tmut/Pois      0%         1d3       100%        1
 Poisonous Vapours        Pois/Air       0%         N/A       100%        2
 Wereblood                Tmut           0%         N/A       100%        2
 Frozen Ramparts          Ice            0%         1d1       100%        3
 Hailstorm                Conj/Ice       0%         3d3       100%        3
 Portal Projectile        Hex/Tloc       0%         N/A       100%        3
 Spider Form              Tmut/Pois      0%         N/A       100%        3
 Vhi's Electric Charge    Tloc/Air       0%         N/A       100%        3
 Leda's Liquefaction      Hex/Erth       0%         N/A       100%        4
 Olgreb's Toxic Radiance  Pois           0%         N/A       100%        4
 Passage of Golubria      Tloc           0%         N/A       100%        4
 Arcjolt                  Conj/Air       0%         1d10      100%        5
 Blade Hands              Tmut           0%         N/A       100%        5
 Iskenderun's Battlesphe  Conj           0%         2d6       100%        5
 Lee's Rapid Deconstruct  Erth           0%         3d4*      100%        5
 Silence                  Hex/Air        0%         N/A       100%        5
 Iron Shot                Conj/Erth      0%         9d1       100%        6
 Lehudib's Crystal Spear  Conj/Erth      0%         10d2      100%        8
 Maxwell's Capacitive Co  Air            0%         ∞         100%        8
 Sublimation of Blood     Necr           Unusable   N/A       N/A         2
 Call Canine Familiar     Summ           Unusable   N/A       N/A         3
 Tukima's Dance           Hex            Unusable   N/A       N/A         3
 Statue Form              Tmut/Erth      Unusable   N/A       N/A         6
 Spellforged Servitor     Conj/Summ      Unusable   N/A       N/A         7
 Summon Hydra             Summ           Unusable   N/A       N/A         7

Dungeon Overview and Level Annotations

Branches:
Dungeon (7/15)             Temple (1/1) D:6           Sewer (visited)
 Bailey (1/1)

Altars:
Cheibriados
Dithmenos
Elyvilon
Fedhas
Kikubaaqudgha
Makhleb
Nemelex Xobeh
Okawaru
Qazlal
Ru
Sif Muna
Trog
Uskayaw
Vehumet
Wu Jian
Yredelemnul
Zin
The Shining One

Shops:
D:5 [   D:6 (


Innate Abilities, Weirdness & Mutations

You are immune to sickness and miasma.
Your stone body is resilient. (AC +8)
You are immune to poison.
You resist negative energy. (rN+)
You are resistant to electric shocks. (rElec)
You are resistant to unholy torment.
You are immune to petrification.
You possess an exceptional clarity of mind.
Your mind is acute. (Int +4, Str/Dex -1)


Message History

The orc warlord is heavily wounded.
The orc warlord hits you but does no damage.
Okay, then.
You hit the orc warlord but do no damage.
You drain the orc warlord.
The orc warlord is heavily wounded.
The orc warlord barely misses you.
You slash the orc warlord! You drain the orc warlord.
The orc warlord is severely wounded.
The orc warlord hits you but does no damage.
The orc warlord hits you with a +7 broad axe.
You slash the orc warlord! You drain the orc warlord.
The orc warlord is severely wounded.
The orc warlord hits you but does no damage.
You slash the orc warlord!
The orc warlord is almost dead.
The orc warlord hits you with a +7 broad axe!
You closely miss the orc warlord.
The orc warlord is almost dead.
The orc warlord hits you but does no damage.
You completely miss the orc warlord.
The orc warlord is almost dead.
The orc warlord hits you with a +7 broad axe!
* * * LOW HITPOINT WARNING * * *
You completely miss the orc warlord.
The orc warlord is almost dead.
The orc warlord barely misses you.
You slash the orc warlord! You drain the orc warlord.
The orc warlord is almost dead.
The orc warlord barely misses you.
The orc warlord hits you but does no damage.
You hit the orc warlord but do no damage.
You drain the orc warlord.
The orc warlord is almost dead.
The orc warlord hits you with a +7 broad axe!
* * * LOW HITPOINT WARNING * * *
You hit the orc warlord but do no damage.
The orc warlord is almost dead.
The orc warlord hits you with a +7 broad axe!
You die...

#.......).................#
##......####...####......##
♣##....##~~#####~~##....##♣
♣.##...#~|!8...8!"~#...##.♣
♣♣..###÷#~.........~#'###..♣♣
♣...~~~.#~..8...8..~#.~~~...♣
♣♣...~÷))##.........##.~~~...♣♣
♣∩...~~÷.#~...o∩....~#.~~~...∩♣
♣♣...~~~)#~...@.....~#.~~~...♣♣
♣...~~~.#~~.8...8.~~#.~~~...♣
♣♣..###'###.......###†###..♣♣
♣.##....#~.8...8.~#....##.♣
♣##.....#~~~~~~~~~#.....##♣
##......####~~~####......##
#...8......#'''#......8...#
#................)........#
#................)........#


You could see an orc warlord (very drained).

Vanquished Creatures
  Pikel (D:5)
  An orc knight (Bailey)
  Grinder (D:4)
  Menkaure (D:4)
  A water moccasin (D:6)
  An ice beast (D:6)
  3 orc warriors (Bailey)
  An ogre (D:7)
  2 phantoms
  7 kobold brigands (Sewer)
  2 bullfrogs (D:7)
  4 scorpions
  5 wights (D:6)
  5 killer bees (D:7)
  2 jellies
  Crazy Yiuf (D:4)
  4 hounds
  An orc priest (D:7)
  A sleepcap (D:5)
  2 iguanas
  Terence (D:2)
  3 orc wizards
  11 adders
  3 gnolls (D:7)
  3 river rats
  A white imp (D:6)
  2 ufetubi
  4 worms
  2 dart slugs
  16 orcs
  10 endoplasms
  A giant cockroach (D:6)
  17 goblins
  10 hobgoblins
  5 jackals
  23 kobolds
  5 quokkas
  11 ball pythons
  5 bats
  A frilled lizard (D:2)
  12 rats
192 creatures vanquished.

Notes
Turn   | Place    | Note
-------+----------+-------------------------------------------
     0 | D:1      | FluffyMeow the Gargoyle Fighter began the quest for the
                  | Orb.
     0 | D:1      | Reached XP level 1. HP: 14/14 MP: 1/1
   251 | D:1      | Reached XP level 2. HP: 15/19 MP: 2/2
   704 | D:1      | Reached XP level 3. HP: 19/24 MP: 3/3
  1088 | D:2      | Noticed Terence
  1103 | D:2      | Killed Terence
  1104 | D:2      | Reached XP level 4. HP: 20/30 MP: 2/4
  1354 | D:2      | Found a faded altar of an unknown god.
  1664 | D:2      | Prayed at the altar of an unknown god.
  1664 | D:2      | Became a worshipper of Sif Muna the Loreminder
  1664 | D:2      | Reached * piety under Sif Muna
  1864 | D:3      | Reached XP level 5. HP: 34/34 MP: 5/5
  1877 | D:3      | Reached skill level 5 in Fighting
  2578 | D:4      | Noticed Grinder
  2597 | D:4      | Killed Grinder
  2598 | D:4      | Reached XP level 6. HP: 24/41 MP: 4/6
  2682 | D:4      | Reached skill level 5 in Maces & Flails
  2736 | D:4      | Gained mutation: You possess an exceptional clarity of
                  | mind. [potion of mutation]
  2736 | D:4      | Gained mutation: Your mind is acute. (Int +4, Str/Dex -1)
                  | [potion of mutation]
  2750 | D:4      | Reached XP level 7. HP: 17/47 MP: 2/7
  2753 | D:4      | Reached ** piety under Sif Muna
  3084 | D:4      | Found a runed translucent door.
  3085 | D:4      | Noticed Crazy Yiuf
  3223 | D:4      | Noticed Menkaure
  3231 | D:4      | Killed Menkaure
  3667 | D:4      | Killed Crazy Yiuf
  3770 | D:5      | Entered Level 5 of the Dungeon
  3856 | D:5      | Reached skill level 1 in Axes
  3902 | D:5      | Noticed Pikel
  3921 | D:5      | Killed Pikel
  3922 | D:5      | Reached skill level 4 in Shields
  3922 | D:5      | Reached XP level 8. HP: 18/54 MP: 4/8
  4082 | D:5      | Reached skill level 5 in Shields
  4149 | D:5      | Found Roeguim's Armour Shoppe.
  4149 | D:5      | Noticed an animated crystal plate armour
  4151 | D:5      | Noticed an animated crystal plate armour
  4716 | D:6      | Found a glowing drain.
  4724 | Sewer    | Entered a sewer
  4938 | Sewer    | Reached XP level 9. HP: 57/60 MP: 7/9
  5034 | Sewer    | Reached *** piety under Sif Muna
  5035 | Sewer    | Reached skill level 6 in Shields
  5716 | D:6      | Found a staircase to the Ecumenical Temple.
  5878 | D:6      | Found Pokauwy's Weapon Emporium.
  6178 | Temple   | Entered the Ecumenical Temple
  6610 | Temple   | Fell from the grace of Sif Muna
  6610 | Temple   | Became a worshipper of Warmaster Okawaru
  6700 | D:7      | Reached skill level 7 in Shields
  6702 | D:7      | Reached skill level 5 in Axes
  6943 | D:7      | Reached skill level 10 in Fighting
  6978 | D:7      | Reached * piety under Okawaru
  7112 | D:7      | Found a flagged portal.
  7131 | Bailey   | Entered a bailey
  7136 | Bailey   | Noticed an orc warlord
  7177 | Bailey   | Reached XP level 10. HP: 64/68 MP: 10/10
  7236 | Bailey   | Reached skill level 8 in Shields
  7325 | Bailey   | Found a runed translucent gate.
  7328 | Bailey   | Found a runed translucent gate.
  7330 | Bailey   | Found a runed translucent gate.
  7337 | Bailey   | Noticed an orc knight
  7352 | Bailey   | Killed an orc knight
  7556 | Bailey   | Reached skill level 13 in Shields
  7556 | Bailey   | Reached XP level 11. HP: 73/73 MP: 11/11
  7577 | Bailey   | Slain by an orc warlord

Illustrated notes

Levels and vault maps discovered:
D:1:      minmay_arrival_plants_in_alcoves, layout_basic,
          nicolae_figureground_sparkle
D:2:      layout_basic, hellmonk_ecumenical_altar_zigzags, uniq_terence
D:3:      layout_rooms, nicolae_hexahallways, minmay_misc_feat_columns,
          kennysheep_cross_bottleneck
D:4:      layout_basic, uniq_crazy_yiuf_cottage, uniq_grinder, uniq_menkaure
D:5:      layout_basic, mainiacjoe_overflow_two_lobes, serial_shops,
          nicolae_shop_mannequins, enter_ossuary_4,
          minmay_fractal_squares_diagonal_5, uniq_pikel, uniq_blork_the_orc,
          uniq_duvessa
D:6:      layout_layer_cave, minmay_temple_entry_offerings, serial_shops, shop,
          gup_sewer_entry_bubbles
D:7:      nicolae_cairo_tiling, layout_rooms, enter_bailey_5
Temple:   dpeg_five_rooms_temple
Bailey:   bailey_axe_bossmonster_kennysheep, bailey

Skill      XL: |  1  2  3  4  5  6  7  8  9 10 |
---------------+-------------------------------+-----
Fighting       | 4 6 8 10 | 10.4
Maces & Flails | 3 4 5 6 |  6.1
Axes           | 2 3 5 6 |  6.1
Shields        | 4 5 7 13 | 13.6
Armour         | |  3.2

Action                     |  1- 3 |  4- 6 |  7- 9 | 10-12 || total
---------------------------+-------+-------+-------+-------++-------
  Melee: Flail             |   103 |     9 |       |       ||   112
         Whip              |       |   166 |    69 |       ||   235
         War axe           |       |       |   304 |    53 ||   357
    Use: Potion            |       |     2 |     3 |     3 ||     8
 Armour: Scale mail        |    49 |   111 |    30 |       ||   190
         Plate armour      |       |       |   239 |    33 ||   272
  Dodge: Dodged            |    65 |    65 |    80 |     8 ||   218
  Block: Buckler           |    27 |    24 |    96 |     3 ||   150
